 Dungeon Crawl Stone Soup version 0.24-a0-439-g6dd8730de2 (webtiles) character file.

Game seed: 11968115537650604466

877 Ijustatesigmund the Fighter (level 8, -3/92 HPs)
             Began as an Ogre Hunter on June 17, 2019.
             Slain by a gnoll
             ... wielding a +0 spear
              (5 damage)
             ... on level 6 of the Dungeon.
             The game lasted 00:09:45 (6400 turns).

Ijustatesigmund the Fighter (Ogre Hunter)           Turns: 6400, Time: 00:09:46

Health: -3/92      AC:  4    Str: 22    XL:     8   Next: 4%
Magic:  8/8        EV: 14    Int: 12    God:
Gold:   229        SH:  8    Dex: 22    Spells: 7/7 levels left

rFire    . . .     SeeInvis .   a - +0 war axe (elec)
rCold    . . .     Gourm    +   q - +0 shield
rNeg     + . .     Faith    .   b - +0 robe
rPois    .         Spirit   .   u - +1 hat
rElec    .         Reflect  .   (no cloak)
rCorr    .         Harm     .   (gloves unavailable)
MR       .....     Clarity  +   (boots unavailable)
Stlth    ++++......             s - amulet of Afuxiew {Gourm rN+ Str+3}
HPRegen  0.25/turn              n - +4 ring of dexterity
MPRegen  0.11/turn              t - ring of stealth

@: agile, vulnerable, very slightly contaminated
A: large, unfitting armour, agile 1, clarity, magic resistance 1, strong 1,
tough skin 1
a: no special abilities


You were on level 6 of the Dungeon.
You were not hungry.

You visited 1 branch of the dungeon, and saw 7 of its levels.

You collected 229 gold pieces.

Inventory:

Hand Weapons
 a - a +0 war axe of electrocution (weapon)
 k - a +0 mace
Missiles
 d - 3 throwing nets (quivered)
Armour
 b - a +0 robe (worn)
 q - a +0 shield (worn)
 u - a +1 hat (worn)
Jewellery
 n - a +4 ring of dexterity (left hand)
 s - the amulet of Afuxiew (around neck) {Gourm rN+ Str+3}
   (You found it on level 5 of the Dungeon)

   [amulet of the gourmand]

   It allows you to eat raw meat even when not hungry.
   It affects your strength (+3).
   It protects you from negative energy.
 t - a ring of stealth (right hand)
Wands
 p - a wand of random effects (15)
 r - a wand of flame (9)
Scrolls
 l - a scroll of remove curse
 m - 3 scrolls of amnesia
Potions
 i - 3 potions of magic
Comestibles
 f - 13 rations


   Skills:
 + Level 9.1 Fighting
 + Level 3.8 Maces & Flails
 - Level 4.0 Throwing
 + Level 3.7 Dodging
 - Level 0.6 Stealth


You had 7 spell levels left.
You didn't know any spells.
Your spell library was empty.

Dungeon Overview and Level Annotations

Branches:
Dungeon (7/15)
 Temple: D:4-7

Altars:
Ashenzari
Dithmenos
Gozag
Hepliaklqana
Qazlal
Vehumet
Wu Jian
Xom
Zin
The Shining One


Innate Abilities, Weirdness & Mutations

You are too large for most types of armour.
You have tough skin. (AC +1)
You are agile. (Dex +2)
You possess an exceptional clarity of mind.
You are resistant to hostile enchantments. (MR+)
Your muscles are strong. (Str +2)


Message History

You are very lightly contaminated with residual magic.
As you read the scroll of blinking, it crumbles to dust.
You climb upwards.
The gnoll hits you from afar with a +0 spear!
* * * LOW HITPOINT WARNING * * *
The gnoll hits you with a +0 spear.
* * * LOW HITPOINT WARNING * * *
You block the gnoll's attack. x2
There is a stone staircase leading down, spattered with blood here.
You feel better.
The gnoll hits you from afar with a +0 spear!
* * * LOW HITPOINT WARNING * * *
The gnoll barely misses you.
You hit the gnoll but do no damage. The gnoll hits you but does no damage.
The gnoll barely misses you. You block the gnoll's attack.
You hit the gnoll.
The gnoll is heavily wounded.
The gnoll closely misses you. The gnoll completely misses you.
The gnoll hits you with a +0 spear.
You die...

#...#.# #. ##.#..# #...
##..## .... ##..#.#
#..# # #..#..# ...###%#
#.#...# ...!|.#### ##
##..######.........
...####.##.g.).## ....
.........@gg##.g# .....
..........#####.#......
.........######........
........<..............
......#.######.g.......
........# #.........
......### ...#......
...... #$###......
..... .. ...#..


You could see 3 gnolls.

Vanquished Creatures
  A phantom (D:7)
  2 scorpions
  2 crimson imps (D:5)
  A centaur zombie (D:5)
  2 hounds
  6 orc priests
  2 orc wizards (D:5)
  An iguana (D:4)
  3 worker ants (D:5)
  Terence (D:3)
  A gnoll (D:6)
  6 adders
  3 worms
  4 dart slugs
  3 leopard geckos (D:1)
  10 orcs
  8 giant cockroaches
  11 goblins
  8 hobgoblins
  6 jackals
  A quokka (D:2)
  5 ball pythons
  7 bats
  4 frilled lizards
  A jackal skeleton (D:4)
  6 kobolds
  A leopard gecko zombie (D:5)
  A quokka zombie (D:5)
  4 rats
111 creatures vanquished.

Vanquished Creatures (others)
  5 dream sheep (D:3)
5 creatures vanquished.

Grand Total: 116 creatures vanquished

Notes
Turn   | Place    | Note
-------+----------+-------------------------------------------
     0 | D:1      | Ijustatesigmund the Ogre Hunter began the quest for the
                  | Orb.
     0 | D:1      | Reached XP level 1. HP: 22/22 MP: 1/1
    26 | D:1      | Reached skill level 3 in Fighting
   304 | D:1      | Reached XP level 2. HP: 17/31 MP: 2/2
   539 | D:1      | Reached skill level 4 in Fighting
   893 | D:1      | Reached XP level 3. HP: 36/40 MP: 3/3
  1491 | D:2      | Reached skill level 5 in Fighting
  1664 | D:2      | Reached XP level 4. HP: 22/50 MP: 4/4
  2342 | D:2      | Reached skill level 6 in Fighting
  2690 | D:2      | Found an opulent altar of Gozag.
  2800 | D:2      | Found an ornate altar of the Wu Jian Council.
  2800 | D:2      | Found a stormy altar of Qazlal.
  2934 | D:3      | Noticed Terence
  2939 | D:3      | Killed Terence
  2939 | D:3      | Reached XP level 5. HP: 58/61 MP: 5/5
  3305 | D:3      | Found an opulent altar of Gozag.
  3331 | D:3      | Noticed a dream sheep
  3331 | D:3      | Noticed a dream sheep
  3331 | D:3      | Noticed a dream sheep
  3331 | D:3      | Noticed a dream sheep
  3331 | D:3      | Noticed a dream sheep
  3331 | D:3      | Found a shimmering altar of Xom.
  3337 | D:3      | Killed a dream sheep
  3337 | D:3      | Killed a dream sheep
  3337 | D:3      | Killed a dream sheep
  3337 | D:3      | Killed a dream sheep
  3337 | D:3      | Killed a dream sheep
  3453 | D:3      | Reached skill level 7 in Fighting
  3753 | D:4      | Reached skill level 1 in Maces & Flails
  3850 | D:4      | Reached XP level 6. HP: 54/71 MP: 6/6
  4415 | D:4      | Found a glowing golden altar of the Shining One.
  4415 | D:4      | Found a shattered altar of Ashenzari.
  4455 | D:5      | Entered Level 5 of the Dungeon
  4770 | D:5      | Got a flickering jade amulet
  4799 | D:5      | Identified the amulet of Afuxiew {Gourm rN+ Str+3} (You
                  | found it on level 5 of the Dungeon)
  4861 | D:5      | Reached skill level 8 in Fighting
  5373 | D:5      | Found a glowing silver altar of Zin.
  5382 | D:5      | Reached XP level 7. HP: 47/80 MP: 7/7
  5589 | D:5      | Found a shadowy altar of Dithmenos.
  5860 | D:5      | Found a radiant altar of Vehumet.
  5880 | D:5      | Gained mutation: Scrolls take you a little longer to read.
                  | [potion of mutation]
  5880 | D:5      | Gained mutation: Your body sometimes deteriorates upon
                  | taking damage. [potion of mutation]
  5880 | D:5      | Gained mutation: You possess an exceptional clarity of
                  | mind. [potion of mutation]
  5881 | D:5      | Lost mutation: Your body sometimes deteriorates upon taking
                  | damage. [potion of mutation]
  5881 | D:5      | Lost mutation: Scrolls take you a little longer to read.
                  | [potion of mutation]
  5881 | D:5      | Gained mutation: Your muscles are strong. (Str +2) [potion
                  | of mutation]
  5881 | D:5      | Gained mutation: You are agile. (Dex +2) [potion of
                  | mutation]
  5881 | D:5      | Gained mutation: You are resistant to hostile enchantments.
                  | (MR+) [potion of mutation]
  6327 | D:6      | Found a hazy altar of Hepliaklqana.
  6388 | D:7      | Reached skill level 9 in Fighting
  6388 | D:7      | Reached XP level 8. HP: 39/92 MP: 8/8
  6391 | D:7      | Noticed a hippogriff
  6397 | D:6      | HP: 2/92 [gnoll/+0 spear (3)]
  6400 | D:6      | Slain by a gnoll

Levels and vault maps discovered:
D:1:      eino_arrival_water_star, layout_loops_cross, serial_forest,
          infiniplex_forest_straight_3, infiniplex_forest_lined_3,
          infiniplex_forest_lined_3_way, infiniplex_forest_zigzag_1,
          infiniplex_forest_clump_large, infiniplex_forest_lined_corner,
          minmay_pentomino_o4
D:2:      layout_basic, gammafunk_temple_overflow_elements,
          grunt_gozag_breadcrumbs
D:3:      layout_rooms, kb_xom_exploding_sheep, lemuel_coloured_pillars_altar,
          hangedman_feature_mirror, uniq_jessica, uniq_terence
D:4:      layout_basic, gammafunk_temple_overflow_wave
D:5:      layout_loops_corners, nicolae_overflow_crystal_walls,
          vehumet_altar_wand_db, first_ration, basic_altar
D:6:      layout_rooms, marbit_many_paths, makhleb_grotto_becter,
          okawaru_ov_weapons_minmay
D:7:      layout_gridville, minmay_temple_entry_slanted, enter_bailey_8,
          ebering_ghost_xom, grunt_ogre_cave, st_stairs_13, nrook_uturn,
          uniq_duvessa, uniq_menkaure

Skill      XL: |  1  2  3  4  5  6  7 |
---------------+----------------------+-----
Fighting       | 3 4 5 6 7 8 9 |  9.1
Maces & Flails | 1 2 3 |  3.8
Dodging        | 2 3 |  3.7
Throwing       | |  4.0
Stealth        | |  0.6

Action                   |  1- 3 |  4- 6 |  7- 9 || total
-------------------------+-------+-------+-------++-------
Melee: Short sword       |   140 |    71 |       ||   211
       War axe           |       |   160 |    64 ||   224
Throw: Large rock        |       |     1 |     5 ||     6
  Use: Scroll            |     1 |     6 |     4 ||    11
       Potion            |     1 |     2 |     5 ||     8
 Stab: Sleeping          |       |     4 |     2 ||     6
  Eat: Chunk             |     2 |    13 |     4 ||    19
Armor: Robe              |    47 |    62 |    16 ||   125
Dodge: Dodged            |    75 |   145 |    37 ||   257
Block: Shield            |       |    19 |    35 ||    54

Table legend:
 A = Non-vault XP
 B = Vault XP
 C = Vault XP percentage of total XP
 D = Non-vault monster count
 E = Vault monster count
 F = Vault count percentage of total count
                 A         B        C        D         E       F
            +---------+---------+-------+---------+---------+-------
      Total |    1069 |     184 |  14.7 |     101 |      10 |   9.0
            +---------+---------+-------+---------+---------+-------
        D:1 |      42 |       8 |  16.0 |      22 |       4 |  15.4
        D:2 |      76 |       0 |   0.0 |      21 |       0 |   0.0
        D:3 |      48 |      48 |  50.0 |      17 |       3 |  15.0
        D:4 |     160 |       0 |   0.0 |       8 |       0 |   0.0
        D:5 |     685 |       2 |   0.3 |      30 |       1 |   3.2
        D:6 |      17 |       2 |  10.5 |       2 |       1 |  33.3
        D:7 |      41 |     124 |  75.2 |       1 |       1 |  50.0
            +---------+---------+-------+---------+---------+-------
